 Dungeon Crawl Stone Soup version 0.27.1-1-g398f81649c (webtiles) character file.

Game seed: 3621266462799323456

14387 vandaahl the Arsonist (level 11, -1/95 HPs)
             Began as a Red Draconian Fire Elementalist on Sept 8, 2021.
             Was a Believer of Vehumet.
             Slain by a komodo dragon (6 damage)
             ... on level 2 of the Lair of Beasts.
             The game lasted 01:27:09 (17054 turns).

vandaahl the Arsonist (DrFE)                       Turns: 17054, Time: 01:27:10

Health: -1/95      AC: 14    Str: 11    XL:     11   Next: 88%
Magic:  20/22      EV: 12    Int: 18    God:    Vehumet [**....]
Gold:   645        SH:  5    Dex: 12    Spells: 19/25 levels left

rFire    + . .     SeeInvis +   c - +4 scimitar (freeze)
rCold    . . .     Faith    .   m - +0 buckler
rNeg     + . .     Spirit   .   (armour unavailable)
rPois    .         Reflect  .   (helmet restricted)
rElec    .         Harm     .   y - +0 cloak
rCorr    .         Rampage  .   j - +2 pair of gloves
Will     .....                  q - +2 pair of boots
Stlth    ++........             (no amulet)
HPRegen  0.25/turn              r - ring of see invisible
MPRegen  0.18/turn              E - ring of positive energy

@: no status effects
A: breathe fire, AC +7, unfitting armour, fire resistance 1, cold-blooded
a: Breathe Fire, Renounce Religion


You were on level 2 of the Lair of Beasts.
You worshipped Vehumet.
Vehumet was pleased with you.
You visited 3 branches of the dungeon, and saw 13 of its levels.
You also visited: Sewer.

You collected 645 gold pieces.

Inventory:

Hand Weapons
 a - a +1 short sword of venom
 c - a +4 scimitar of freezing (weapon)
 N - a +4 spear
Missiles
 H - 403 stones
Armour
 j - a +2 pair of gloves (worn)
 m - a +0 buckler (worn)
 q - a +2 pair of boots (worn)
 y - a +0 cloak (worn)
Magical Staves
 M - a staff of air
Jewellery
 r - a ring of see invisible (left hand)
 E - a ring of positive energy (right hand)
 L - a +4 ring of protection
Wands
 f - a wand of acid (12)
 v - a wand of paralysis (3)
 D - a wand of iceblast (10)
Scrolls
 e - 2 scrolls of fog {unknown}
 g - 4 scrolls of fear {unknown}
 h - 6 scrolls of identify
 i - a scroll of amnesia {unknown}
 l - a scroll of enchant armour {unknown}
 n - 3 scrolls of enchant weapon
 p - 2 scrolls of blinking {unknown}
 u - 2 scrolls of vulnerability {unknown}
 z - 2 scrolls of noise {unknown}
 I - a scroll of torment {unknown}
 K - a scroll of summoning {unknown}
Potions
 d - a potion of heal wounds
 k - a potion of magic {unknown}
 o - a potion of brilliance {unknown}
 s - 2 potions of mutation {unknown}
 t - 5 potions of lignification {unknown}
 w - 2 potions of invisibility {unknown}
 x - 3 potions of curing
 B - a potion of resistance {unknown}
 C - a potion of ambrosia {unknown}
 F - a potion of haste {unknown}
 G - 2 potions of might {unknown}
 J - a potion of flight {unknown}
Miscellaneous
 b - a lightning rod (2/4)


   Skills:
 + Level 8.7 Fighting
 - Level 1.7 Dodging
 - Level 1.7 Stealth
 - Level 4.0 Shields
 + Level 7.8 Spellcasting
 + Level 8.0 Conjurations
 * Level 13.5 Fire Magic
 + Level 5.9 Evocations


You had 19 spell levels left.
You knew the following spells:

 Your Spells              Type           Power      Damage    Failure   Level
a - Foxfire               Conj/Fire      100%       2x1d9     1%          1
b - Fireball              Conj/Fire      23%        3d11      3%          5

Your spell library contained the following spells:

 Spells                   Type           Power      Damage    Failure   Level
 Static Discharge         Conj/Air       21%        N/A       2%          2
 Shock                    Conj/Air       84%        1d8       1%          1
 Conjure Flame            Conj/Fire      46%        6-21      1%          3
 Inner Flame              Hex/Fire       31%        N/A       1%          3
 Sticky Flame             Conj/Fire      46%        2d6       1%          4
 Ignite Poison            Fire/Tmut/Pois 23%        N/A       4%          3
 Swiftness                Air            7%         N/A       30%         3
 Airstrike                Air            3%         N/A       69%         4
 Animate Dead             Necr           3%         N/A       69%         4
 Cause Fear               Hex            3%         N/A       69%         4
 Haunt                    Necr/Summ      3%         N/A       100%        7
 Discord                  Hex            3%         N/A       100%        8
 Infestation              Necr           3%         N/A       100%        8


Dungeon Overview and Level Annotations

Branches:
Dungeon (10/15)            Temple (1/1) D:6            Lair (2/6) D:9
  Sewer (visited)
  Swamp: Lair:2-4    Shoals: Lair:2-4     Snake: Lair:2-4    Spider: Lair:2-4
    Orc: D:9-12

Altars:
Ashenzari
Cheibriados
Dithmenos
Elyvilon
Fedhas
Gozag
Hepliaklqana
Kikubaaqudgha
Makhleb
Nemelex Xobeh
Okawaru
Qazlal
Ru
Sif Muna
Trog
Uskayaw
Vehumet
Wu Jian
Xom
Yredelemnul
Zin
The Shining One

Shops:
D:5 [

Annotations:
D:5 3 runed translucent doors, exclusion: 3 doors, Descartes's ghost, amateur DEWn; Linguinho's ghost, amateur GrFi; Name63's ghost, amateur DjWz; vandaahl's ghost, novice MiFi
D:9 Urug
D:10 3 runed translucent doors, exclusion: 3 doors


Innate Abilities, Weirdness & Mutations

You can breathe blasts of fire.
Your fiery red scales are hard. (AC +7)
You cannot fit into any form of body armour.
Your flesh is heat resistant. (rF+)
You are cold-blooded and may be slowed by cold attacks.


Message History

The wyvern bites you but does no damage.
There is a stone staircase leading up here.
The wyvern completely misses you.
You climb upwards.
There is a stone staircase leading down here.
You hit the wyvern but do no damage.
The wyvern is heavily wounded.
You have got your breath back.
The wyvern bites you! The wyvern barely misses you.
You hit the wyvern. You freeze the wyvern.
Your tail-slap misses the wyvern.
The wyvern is severely wounded.
You block the wyvern's attack. The wyvern closely misses you.
You slash the wyvern! You freeze the wyvern.
You kill the wyvern!
Vehumet accepts your kill.
You start resting.
HP restored.
You climb downwards.
You hear a distant snort.
Hark!
There is a gateway to a gauntlet on this level.
Find the entrance quickly before the gate is sealed!
You hear the loud beating of a drum nearby.
The komodo dragon bites you!!
There is a stone staircase leading up, spattered with blood here.
Casting: Foxfire (safe; 1% risk of failure)
Confirm with . or Enter, or press ? or * to list all spells.
You conjure some foxfire!
The komodo dragon bites you!!
You slash the komodo dragon! You freeze the komodo dragon.
Your tail-slap misses the komodo dragon.
The komodo dragon is moderately wounded.
The foxfire hits the komodo dragon.
The komodo dragon is moderately wounded.
The komodo dragon bites you! x2
Casting: Foxfire (safe; 1% risk of failure)
Confirm with . or Enter, or press ? or * to list all spells.
You conjure some foxfire!
The komodo dragon bites you!!
* * * LOW HITPOINT WARNING * * *
The foxfire hits the komodo dragon.
The komodo dragon is heavily wounded.
The komodo dragon bites you.
You die...

#...##... #.. ...
##.##.# #....# #
#..#.# ##.
#####.#.##.#.#
#...##...P.........#
#...l.....#..###.P.
#####@P####### #.P#
#..# #... #....
##.#.# ##.## #


You could see a komodo dragon.

Vanquished Creatures
  A hydra (Lair:1)
  A two-headed ogre (D:9)
  A manticore (D:8)
  A black mamba (Lair:1)
  Maggie (Lair:1)
  2 cane toads (Lair:1)
  An unseen horror (D:10)
  4 komodo dragons (Lair:1)
  2 trolls
  Prince Ribbit (D:6)
  2 wyverns
  A wraith (D:10)
  31 yaks
  3 wargs (D:8)
  Duvessa (D:7)
  2 acid dragons
  4 water moccasins
  2 orc warriors
  2 black bears
  3 ice beasts
  4 wolves (Lair:1)
  3 ogres
  A sky beast (D:7)
  5 centaurs
  A phantom (D:5)
  6 bullfrogs
  Dowan (D:7)
  A gnoll sergeant (D:6)
  A scorpion (D:4)
  7 wights
  A howler monkey (D:8)
  3 centaur zombies
  Crazy Yiuf (D:7)
  A hound (D:6)
  A jelly (D:5)
  A bullfrog skeleton (D:7)
  5 orc priests
  11 orc wizards
  4 iguanas
  2 killer bee zombies
  A hound skeleton (D:4)
  A howler monkey zombie (D:10)
  8 gnolls
  6 adders
  A howler monkey skeleton (D:5)
  2 white imps (D:7)
  2 worms (D:2)
  A dart slug (D:3)
  23 orcs
  5 bats
  8 endoplasms
  3 giant cockroaches
  6 goblins
  3 hobgoblins
  6 jackals
  7 kobolds
  3 quokkas
  9 ball pythons
  A frilled lizard (D:1)
  5 rats
227 creatures vanquished.

Vanquished Creatures (collateral kills)
  3 foxfires (Lair:2)
3 creatures vanquished.

Vanquished Creatures (others)
  653 foxfires
  17 fungi
  9 plants
679 creatures vanquished.

Grand Total: 909 creatures vanquished

Notes
Turn   | Place    | Note
-------+----------+-------------------------------------------
     0 | D:1      | vandaahl the Draconian Fire Elementalist began the quest
                  | for the Orb.
     0 | D:1      | Reached XP level 1. HP: 14/14 MP: 3/3
   622 | D:1      | Reached XP level 2. HP: 20/22 MP: 0/5
  1084 | D:1      | Reached skill level 1 in Fighting
  1583 | D:1      | You fall into a shaft and drop 1 floor!
  1664 | D:2      | Reached XP level 3. HP: 27/28 MP: 6/6
  1867 | D:2      | Found a faded altar of an unknown god.
  3034 | D:3      | Found a glowing silver altar of Zin.
  3066 | D:3      | Reached XP level 4. HP: 35/35 MP: 7/7
  3279 | D:3      | Reached skill level 4 in Fire Magic
  3674 | D:4      | Reached XP level 5. HP: 24/41 MP: 7/9
  4090 | D:4      | Found an ornate altar of the Wu Jian Council.
  4332 | D:4      | Noticed an ogre
  4364 | D:4      | Killed an ogre
  4365 | D:4      | Reached XP level 6. HP: 36/50 MP: 6/10
  4537 | D:4      | Reached skill level 5 in Fire Magic
  4714 | D:4      | Found a snail-covered altar of Cheibriados.
  4944 | D:5      | Entered Level 5 of the Dungeon
  4944 | D:5      | Found a runed translucent gate.
  4944 | D:5      | Found a runed translucent gate.
  4960 | D:5      | Found Lupibbu's Armour Emporium.
  5065 | D:5      | Noticed a water moccasin
  5278 | D:5      | Found a glowing drain.
  5287 | Sewer    | Entered a sewer
  5353 | Sewer    | Noticed a water moccasin
  5366 | Sewer    | Killed a water moccasin
  5367 | Sewer    | Your scales start taking on a fiery red colour.
  5367 | Sewer    | Reached skill level 6 in Fire Magic
  5367 | Sewer    | Reached XP level 7. HP: 56/57 MP: 6/12
  5367 | Sewer    | Gained mutation: Your flesh is heat resistant. (rF+) [Red
                  | Draconian growth]
  5501 | D:5      | Found a runed translucent gate.
  5502 | D:5      | Reached skill level 1 in Shields
  5502 | D:5      | Reached skill level 7 in Fire Magic
  5844 | D:5      | Noticed Descartes's ghost (amateur DEWn)
  5845 | D:5      | Noticed Name63's ghost (amateur DjWz)
  5845 | D:5      | Noticed Linguinho's ghost (amateur GrFi)
  5846 | D:5      | Noticed vandaahl's ghost (novice MiFi)
  6139 | D:6      | Reached XP level 8. HP: 22/66 MP: 10/14
  6431 | D:6      | Reached skill level 8 in Fire Magic
  6565 | D:6      | Found a staircase to the Ecumenical Temple.
  6574 | Temple   | Entered the Ecumenical Temple
  6936 | D:6      | Found a broken altar of Ashenzari.
  7202 | D:6      | Found an opulent altar of Gozag.
  7925 | D:7      | Reached skill level 9 in Fire Magic
  7999 | D:7      | Reached skill level 5 in Fighting
  8090 | D:7      | Noticed Duvessa
  8092 | D:7      | Noticed Dowan
  8121 | D:7      | Killed Duvessa
  8156 | D:7      | Killed Dowan
  8157 | D:7      | Reached XP level 9. HP: 52/74 MP: 9/16
  8179 | D:7      | Reached skill level 5 in Spellcasting
  8295 | D:7      | Found a radiant altar of Vehumet.
  8295 | D:7      | Found a shadowy altar of Dithmenos.
  8308 | D:7      | Noticed Prince Ribbit
  8313 | D:7      | Reached skill level 5 in Conjurations
  8324 | D:6      | Killed Prince Ribbit
  8502 | D:7      | Became a worshipper of Vehumet
  8587 | D:7      | Learned a level 5 spell: Fireball
  8701 | D:7      | Found a runed translucent door.
  8702 | D:7      | Noticed Crazy Yiuf
  8711 | D:7      | Killed Crazy Yiuf
  8850 | D:8      | Found a shimmering blue altar of Sif Muna.
  8919 | D:8      | Reached skill level 10 in Fire Magic
  8919 | D:8      | Reached skill level 1 in Evocations
  9205 | D:8      | Found a glowing golden altar of the Shining One.
  9225 | D:8      | Noticed a manticore
  9242 | D:8      | Killed a manticore
  9443 | D:8      | Reached XP level 10. HP: 69/83 MP: 18/18
  9672 | D:8      | Reached skill level 11 in Fire Magic
  9850 | D:8      | Reached * piety under Vehumet
  9850 | D:8      | Offered knowledge of Freeze by Vehumet.
 10158 | D:8      | Found a sparkling altar of Nemelex Xobeh.
 11338 | D:9      | Noticed a two-headed ogre
 11352 | D:9      | Killed a two-headed ogre
 11723 | D:9      | Found a staircase to the Lair.
 11792 | D:8      | Reached skill level 12 in Fire Magic
 12550 | Lair:1   | Entered Level 1 of the Lair of Beasts
 12550 | Lair:1   | Noticed Urug
 12890 | D:10     | Entered Level 10 of the Dungeon
 12960 | D:10     | Reached XP level 11. HP: 41/92 MP: 19/21
 13212 | D:10     | Found a runed translucent gate.
 13212 | D:10     | Found a runed translucent gate.
 13213 | D:10     | Found a runed translucent gate.
 13213 | D:10     | Noticed a purple ugly thing
 13214 | D:10     | Noticed a purple ugly thing
 13214 | D:10     | Noticed a green very ugly thing
 13214 | D:10     | Noticed a white ugly thing
 13215 | D:10     | Noticed a cyan ugly thing
 13215 | D:10     | Noticed a white ugly thing
 13216 | D:10     | Noticed a green ugly thing
 13864 | D:10     | Noticed a death knight
 13864 | D:10     | Noticed a skeletal warrior
 13864 | D:10     | Noticed a phantasmal warrior
 13988 | Lair:1   | Reached ** piety under Vehumet
 14241 | Lair:1   | Noticed Maggie
 14249 | Lair:1   | Killed Maggie
 14278 | Lair:1   | Reached skill level 5 in Evocations
 14304 | Lair:1   | Offered knowledge of Static Discharge by Vehumet.
 15327 | Lair:1   | Noticed a four-headed hydra
 15332 | Lair:1   | Killed a four-headed hydra
 15333 | Lair:1   | Reached skill level 13 in Fire Magic
 17054 | Lair:2   | Slain by a komodo dragon

Illustrated notes

Levels and vault maps discovered:
D:1:      noname_arrival_rooms_in_the_neighbourhood, layout_loops_ring
D:2:      layout_loops_ring, hellmonk_ecumenical_altar_crossroads
D:3:      layout_loops_ring, mainiacjoe_overflow_catwalk,
          kennysheep_generic_room_13
D:4:      layout_loops_ring, mainiacjoe_overflow_alcove_4,
          general_overflow_altar
D:5:      layout_gridville, portal_sewer_entry_d, gammafunk_ghost_cemetery,
          serial_shops, shop
D:6:      layout_layer_cave, nicolae_gozag_cash_rules_everything_around_me,
          ashenzari_altar_1, minmay_temple_entry_antechambers,
          minmay_misc_feat_tiny, minmay_fractal_squares_5
D:7:      layout_basic, grunt_temple_overflow_open, uniq_duvessa,
          uniq_crazy_yiuf_cottage, uniq_prince_ribbit1
D:8:      layout_loops_corners, mainiacjoe_overflow_surrounded_room,
          old_standard_altar, mainiacjoe_overflow_tiny_flanked,
          minmay_misc_feat_ornament, nrook_campfire
D:9:      layout_grid_maze, erik_lair_orcish_takeover, st_stairs_6
D:10:     layout_stronghold, ploomutoo_gammafunk_ghost_potion_laboratory,
          uniq_psyche, uniq_josephine
Temple:   minmay_temple_bridge_abc
Lair:1:   layout_concentric_octagons, uniq_maggie, uniq_urug
Lair:2:   layout_loops_ring, minmay_shoals_entry_hut,
          nicolae_spider_entry_tight_spaces, gauntlet_entry_generic

Skill      XL: |  1  2  3  4  5  6  7  8  9 10 11 |
---------------+----------------------------------+-----
Fighting       | 1 2 3 4 5 6 7 8 |  8.7
Conjurations   | 2 3 4 5 7 8 |  8.0
Fire Magic     | 4 6 7 9 10 12 13 | 13.5
Spellcasting   | 3 4 5 6 7 |  7.8
Shields        | 1 3 4 |  4.0
Evocations     | 2 4 5 |  5.9
Dodging        | |  1.7
Stealth        | |  1.7

Action                   |  1- 3 |  4- 6 |  7- 9 | 10-12 || total
-------------------------+-------+-------+-------+-------++-------
Melee: Unarmed           |    14 |       |       |       ||    14
       Dagger            |   177 |   112 |       |       ||   289
       Tailslap          |    19 |    14 |    22 |    37 ||    92
       Short sword       |       |     1 |   174 |   108 ||   283
       Scimitar          |       |       |       |   165 ||   165
Throw: Throwing net      |       |       |       |     1 ||     1
 Cast: Foxfire           |    10 |    76 |   108 |   188 ||   382
       Fireball          |       |       |       |    15 ||    15
 Abil: Breathe Fire      |       |       |    12 |    22 ||    34
Evoke: Lightning rod     |       |       |       |     3 ||     3
  Use: Scroll            |       |     2 |       |     2 ||     4
       Potion            |       |     1 |       |     3 ||     4
 Stab: Sleeping          |     9 |     3 |       |     1 ||    13
       Distracted        |       |       |     1 |       ||     1
Armor: Skin              |    56 |    62 |   125 |   164 ||   407
Dodge: Dodged            |   117 |    84 |   123 |   252 ||   576
Block: Buckler           |       |       |    43 |   116 ||   159
       Rpst.: Scimitar   |       |       |       |    62 ||    62
